 Dungeon Crawl Stone Soup version 0.16.1-18-g436b03c (webtiles) character file.

76 drasked the Chopper (level 4, 0/39 HPs)
             Began as a Hill Orc Fighter on May 15, 2015.
             Slain by Sigmund
             ... wielding a +0 scythe
              (7 damage)
             ... on level 2 of the Dungeon.
             The game lasted 00:02:36 (1863 turns).

drasked the Chopper (Hill Orc Fighter)              Turns: 1863, Time: 00:02:37

Health: 0/39       AC:  6    Str: 18    XL:     4   Next: 32%
Magic:  4/4        EV:  7    Int:  9    God:
Gold:   170        SH:  9    Dex: 10    Spells: 0 memorised, 3 levels left

rFire  . . .     SeeInvis .     a - +0 war axe
rCold  . . .     Clarity  .     b - +0 scale mail
rNeg   . . .     SustAb   .     c - +0 shield
rPois  .         Gourm    .     (no helmet)
rElec  .         Spirit   .     (no cloak)
rCorr  .         Warding  .     (no gloves)
rMut   .         Stasis   .     (no boots)
MR     .....                    (no amulet)
Stlth  ..........               (no ring)
                                (no ring)

@: not resistant to hostile enchantments, extremely unstealthy
A: no striking features
a: no special abilities


You were on level 2 of the Dungeon.
You were not hungry.

You visited 1 branch of the dungeon, and saw 2 of its levels.

You collected 170 gold pieces.

Inventory:

Hand weapons
 a - a +0 war axe (weapon)
Armour
 b - a +0 scale mail (worn)
 c - a +0 shield (worn)
Jewellery
 f - a cursed ring of loudness {unknown}
   (You found it on level 1 of the Dungeon)
Scrolls
 g - 2 scrolls of identify {unknown}
 l - a scroll of blinking {unknown}
Potions
 e - a potion of might
 i - 2 potions of curing {unknown}
 j - a potion of haste {unknown}
Comestibles
 d - a meat ration {@e2}
 h - 2 bread rations {@e1}
 k - a slice of pizza
 m - a beef jerky


   Skills:
 - Level 3.6 Fighting
 + Level 5.9 Axes
 - Level 3.2 Armour
 - Level 3.2 Shields


You had 3 spell levels left.
You didn't know any spells.

Dungeon Overview and Level Annotations

Branches:
Dungeon (2/15)

Altars:

Annotations:
D:2 Sigmund


Message History

You slash the goblin!
You kill the goblin!
No target in view!
No target in view!
No target in view!
You now have 161 gold pieces (gained 17).
You see here a club.
i - 2 fizzy red potions (gained 1)
An adder comes into view.
An adder is nearby!
An adder is nearby!
An adder is nearby!
The adder bites you but does no damage. You block the adder's attack.
You slash the adder!
You kill the adder!
No target in view!
No target in view!
You now have 170 gold pieces (gained 9).
Found a stone staircase leading down.
There is a stone staircase leading down here.
There is a stone staircase leading down here.
You found a shaft!
A rat comes into view.
A rat is nearby!
A rat is nearby!
A rat is nearby!
A rat is nearby!
The rat bites you but does no damage.
A rat is nearby!
You slash the rat!
You kill the rat!
No target in view!
No target in view!
A bat comes into view.
A bat is nearby!
A bat is nearby!
A bat is nearby!
You closely miss the bat. You block the bat's attack.
The bat hits you but does no damage. x2
You closely miss the bat. The bat hits you but does no damage.
You slash the bat!
You kill the bat!
No target in view!
No target in view!
Sigmund the Dreaded comes into view.
He is wielding a scythe.
A kobold comes into view. It is wielding a club.
The kobold shouts!
The kobold throws a stone.
The stone hits you but does no damage.
You see here a stone.
Sigmund points at you and mumbles some strange words.
You are confused.
The kobold throws a stone.
The stone closely misses you.
You miss Sigmund. Sigmund hits you with a scythe.
The kobold throws a stone.
The stone barely misses you.
You take 1 damage, and have 38/39 hp.
You slash Sigmund! Sigmund hits you but does no damage.
The kobold throws a stone.
The stone barely misses you.
Sigmund mumbles some strange words.
Sigmund flickers and vanishes!
Deactivating autopickup; reactivate with Ctrl-A.
You're too confused to move!
Something hits you.
You take 3 damage, and have 35/39 hp.
You closely miss something.
You feel less confused.
The kobold throws a stone.
The stone hits you but does no damage. Something hits you.
You take 3 damage, and have 32/39 hp.
You closely miss something.
Unknown command.
You closely miss something. You closely miss the kobold.
You hear some strange, mumbled words.
The puff of flame hits you! You block the kobold's attack.
Something hits you but does no damage.
You take 4 damage, and have 28/39 hp.
You completely miss something. You hit the kobold.
You kill the kobold!
Something hits you but does no damage.
Unknown command.
You completely miss something.
Unknown command.
You closely miss something. Something hits you!
You take 10 damage, and have 19/39 hp.
MASSIVE DAMAGE!!
You closely miss something. Something hits you!
* * * LOW HITPOINT WARNING * * *
You take 9 damage, and have 10/39 hp.
MASSIVE DAMAGE!!
You barely miss something. Something hits you.
* * * LOW HITPOINT WARNING * * *
You take 3 damage, and have 7/39 hp.
You closely miss something. Something hits you but does no damage.
You barely miss something. You block its attack.
Your shield prevents you from hitting something.
Something hits you.
* * * LOW HITPOINT WARNING * * *
You take 1 damage, and have 7/39 hp.
You miss something. You completely miss something. Something hits you!
You die...

...... #.##.#..............
#.#..# #.##.#........##..## .
#. #.#...##...##.## #.
#..........##.###
#####.##................
..................###### .
##...........##...# ....
.......)......##...######
##...).
.##.##.{@.(..............
##.....
..............##...######
##...#
.##......(.........######
##...###
#..#.##................
.........
#..#.##.#...##...######
.#...### #................###
#
.....######.##.........).....#
#
..................[.......####
.#.########.##.####..###.##


There were no monsters in sight!

Vanquished Creatures
  4 adders (D:2)
  A giant gecko (D:2)
  9 bats
  4 giant cockroaches
  3 goblins
  4 hobgoblins
  A quokka (D:2)
  3 ball pythons (D:1)
  2 giant newts (D:1)
  4 kobolds
  4 rats
39 creatures vanquished.

Notes
Turn   | Place    | Note
--------------------------------------------------------------
     0 | D:1      | drasked, the Hill Orc Fighter, began the quest for the Orb.
     0 | D:1      | Reached XP level 1. HP: 19/19 MP: 1/1
    13 | D:1      | Reached skill level 3 in Axes
    65 | D:1      | Reached XP level 2. HP: 26/26 MP: 2/2
   214 | D:1      | Reached skill level 4 in Axes
   584 | D:1      | Reached XP level 3. HP: 31/31 MP: 3/3
  1054 | D:2      | Reached skill level 5 in Axes
  1283 | D:2      | Reached XP level 4. HP: 11/39 MP: 4/4
  1284 | D:2      | HP: 9/39 [poisoned by an adder]
  1289 | D:2      | HP: 6/39 [poisoned by an adder]
  1294 | D:2      | HP: 5/39 [poisoned by an adder]
  1299 | D:2      | HP: 3/39 [poisoned by an adder]
  1307 | D:2      | HP: 2/39 [poisoned by an adder]
  1844 | D:2      | Noticed Sigmund
  1858 | D:2      | HP: 7/39 [something (3)]
  1863 | D:2      | Slain by Sigmund

Action                   |  1- 3 |  4- 6 || total
-------------------------+-------+-------++-------
Melee: War axe           |   139 |    26 ||   165
  Eat: Chunk             |     1 |     2 ||     3

Vault maps used:
D:1:      ncdulo_halloftheorcs, baited_tele_trap
D:2:      uniq_sigmund

Table legend:
 A = Turns spent in this place as a percentage of turns spent in the entire game.
 B = Non-inter-level travel turns spent in this place as a percentage of non-inter-level travel turns spent in the entire game.
 C = Inter-level travel turns spent in this place as a percentage of turns spent in this place.
 D = Turns resting spent in this place as a percentage of non-inter-level travel turns spent in this place.
 E = Turns spent auto-exploring this place as a percentage of non-inter-level travel turns spent in this place.
 F = Non-inter-level travel turns spent in this place divided by the number of levels of this place that you've seen.
                   A       B       C       D       E      F
               +-------+-------+-------+-------+-------+----------------------
         Total | 100.0 | 100.0 |   0.5 |   2.2 |   8.3 | 367.5
       Dungeon | 100.0 | 100.0 |   0.5 |   2.2 |   8.3 | 367.5
               +-------+-------+-------+-------+-------+----------------------

Table legend:
 A = Kills in this place as a percentage of kills in entire the game.
 B = Kills by you in this place as a percentage of kills by you in the entire game.
 C = Kills by friends in this place as a percentage of kills by friends in the entire game.
 D = Other kills in this place as a percentage of other kills in the entire game.
 E = Experience gained in this place as a percentage of experience gained in the entire game.
 F = Experience gained in this place divided by the number of levels of this place that you have seen.
                   A       B       C       D       E      F
               +-------+-------+-------+-------+-------+----------------------
         Total | 100.0 | 100.0 |  -nan |  -nan | 100.0 |  54.5
       Dungeon | 100.0 | 100.0 |  -nan |  -nan | 100.0 |  54.5
               +-------+-------+-------+-------+-------+----------------------
